 Dungeon Crawl Stone Soup version 0.28-a0-991-g956f0ee3d5 (webtiles) character file.

Game seed: 11043505313758586311

146 MirrMurr the Sneak (level 5, -7/24 HPs)
             Began as a Spriggan Enchanter on Dec 5, 2021.
             Mangled by an ogre (31 damage)
             ... on level 4 of the Dungeon.
             The game lasted 00:06:01 (3130 turns).

MirrMurr the Sneak (Spriggan Enchanter)             Turns: 3130, Time: 00:06:02

Health: -7/24      AC:  2    Str: 12    XL:     5   Next: 7%
Magic:  10/10      EV: 17    Int: 17    God:
Gold:   188        SH:  0    Dex: 15    Spells: 4/9 levels left

rFire   . . .      SeeInvis +   a - +0 dagger (drain)
rCold   . . .      Faith    .   (shield restricted)
rNeg    . . .      Spirit   .   A - +0 robe
rPois   .          Reflect  .   (helmet restricted)
rElec   .          Harm     .   (no cloak)
rCorr   .          Rampage  .   (gloves unavailable)
Will    .....                   (boots unavailable)
Stlth   ++++......              (no amulet)
HPRegen 0.08/turn               o - +6 ring of strength
MPRegen 0.12/turn               (no ring)

@: very quick
A: very small, no large weapons, unfitting armour, see invisible, speed 3
a: no special abilities


You were on level 4 of the Dungeon.
You visited 1 branch of the dungeon, and saw 4 of its levels.

You collected 188 gold pieces.

Inventory:

Hand Weapons
 a - a +0 dagger of draining (weapon)
 b - a +1 dagger
 h - a +0 rapier
Missiles
 d - 172 stones (quivered)
 j - 19 poisoned darts
 k - 2 datura-tipped darts
Armour
 A - a +0 robe (worn)
Jewellery
 n - a ring of magical power
 o - a +6 ring of strength (left hand)
Scrolls
 m - a scroll of magic mapping {unknown}
Potions
 c - a potion of invisibility
 e - 5 potions of curing
 f - a potion of haste
 g - a potion of flight {unknown}
 l - a potion of magic


   Skills:
 + Level 3.9 Short Blades
 - Level 2.6 Dodging
 + Level 7.0 Stealth
 - Level 2.6 Spellcasting
 - Level 3.6 Hexes


You had 4 spell levels left.
You knew the following spells:

 Your Spells              Type           Power      Damage    Failure   Level
a - Ensorcelled Hibernat  Hex/Ice        16%        N/A       13%         2
b - Confusing Touch       Hex            14%        N/A       12%         3

Your spell library contained the following spells:

 Spells                   Type           Power      Damage    Failure   Level
 Tukima's Dance           Hex            14%        N/A       12%         3
 Beastly Appendage        Tmut           4%         N/A       19%         1
 Dazzling Flash           Conj/Hex       16%        N/A       26%         3


Dungeon Overview and Level Annotations

Branches:
Dungeon (4/15)
 Temple: D:4-7

Altars:

Shops:
D:3 *


Innate Abilities, Weirdness & Mutations

You are very small and have problems with some larger weapons.
You are too small for most types of armour.
You have supernaturally acute eyesight. (SInv)
You cover ground extremely quickly. (Speed+++)


Message History

Your giant cockroach bites the adder skeleton.
You hit the adder skeleton.
The adder skeleton is severely damaged.
The adder skeleton misses you.
Your giant cockroach barely misses the adder skeleton.
You hit the adder skeleton.
The adder skeleton is severely damaged.
The adder skeleton misses you.
Your giant cockroach bites the adder skeleton.
You barely miss the adder skeleton.
The adder skeleton is almost destroyed.
The adder skeleton completely misses you.
Your jelly hits the adder skeleton.
The adder skeleton is destroyed!
No target in view!
No target in view!
You see here a +0 rapier.
h - a +0 rapier
d - 172 stones (gained 20)
You open the door.
There is an open door here.
An endoplasm comes into view.
An ogre comes into view. It is wielding a +0 giant spiked club.
The endoplasm closely misses you.
You hit the endoplasm. You drain the endoplasm.
You kill the endoplasm!
A goblin comes into view. It is wielding a +0 dagger.
The goblin shouts!
The goblin unwields a +0 dagger.
The goblin wields a +0 hunting sling of flaming.
It bursts into flame!
The goblin shoots a stone.
The stone completely misses you. The ogre closely misses you.
You hit the ogre.
The ogre is lightly wounded.
You hit the ogre but do no damage. You drain the ogre.
The ogre is moderately wounded.
The ogre hits you with a +0 giant spiked club!!
Ouch! That really hurt!
You die...

... #......# #.#
#.##...# #.#.
#.##...#
#.#.###.#J...#
.#.....#....#
............#
............#...
.......B....'...
#......@#...####
#.....gO#...#
#.......#...#
#.......#...#
#.......#...#
#.......#...#
#.......#####
#########


You could see an ogre (drained, ally target), a goblin, a friendly jelly
(summoned) and a friendly giant cockroach (summoned).

Vanquished Creatures
  A centaur (D:3)
  An adder (D:3)
  A shadow imp (D:3)
  A worm (D:3)
  A dart slug (D:1)
  An orc (D:3)
  6 ball pythons
  6 endoplasms
  A giant cockroach (D:1)
  4 goblins
  4 hobgoblins
  2 quokkas
  2 bats (D:1)
  3 frilled lizards
  5 kobolds
  4 rats
43 creatures vanquished.

Vanquished Creatures (collateral kills)
  An adder skeleton (D:4)
1 creature vanquished.

Grand Total: 44 creatures vanquished

Notes
Turn   | Place    | Note
-------+----------+-------------------------------------------
     0 | D:1      | MirrMurr the Spriggan Enchanter began the quest for the
                  | Orb.
     0 | D:1      | Reached XP level 1. HP: 9/9 MP: 5/5
   568 | D:1      | Reached XP level 2. HP: 13/13 MP: 6/6
   571 | D:1      | Learned a level 2 spell: Ensorcelled Hibernation
   623 | D:1      | Reached skill level 5 in Stealth
  1427 | D:2      | Reached XP level 3. HP: 15/16 MP: 8/8
  1431 | D:2      | Learned a level 3 spell: Confusing Touch
  1965 | D:2      | Found a faded altar of an unknown god.
  1973 | D:2      | Got Plato's Grimoire of Transmutation
  2088 | D:3      | Found Xoin's Assorted Antiques.
  2603 | D:3      | Reached skill level 6 in Stealth
  2631 | D:3      | Noticed a centaur
  2639 | D:3      | Killed a centaur
  2640 | D:3      | Reached XP level 4. HP: 10/21 MP: 6/9
  3009 | D:3      | Reached skill level 7 in Stealth
  3009 | D:3      | Reached XP level 5. HP: 24/24 MP: 10/10
  3123 | D:4      | Noticed an ogre
  3130 | D:4      | Mangled by an ogre

Illustrated notes

Levels and vault maps discovered:
D:1:      giann_bridges, layout_loops_corners, minmay_pentomino_r4
D:2:      layout_basic, shapermc_ecumenical_altar_rom_forum
D:3:      layout_basic, serial_shops, nicolae_shop_statue_plus,
          grunt_decor_clamped
D:4:      layout_basic

Skill      XL: |  1  2  3  4 |
---------------+-------------+-----
Stealth        | 5 6 7 |  7.0
Short Blades   | 2 3 |  3.9
Dodging        | |  2.6
Spellcasting   | |  2.6
Hexes          | |  3.6

Action                   |  1- 3 |  4- 6 || total
-------------------------+-------+-------++-------
Melee: Dagger            |    80 |    12 ||    92
 Cast: Ensorcelled Hiber |     6 |       ||     6
  Use: Scroll            |       |     5 ||     5
 Stab: Sleeping          |    22 |     2 ||    24
Armor: Robe              |     3 |       ||     3
Dodge: Dodged            |    46 |     9 ||    55

Table legend: (Time is in decaauts)
 A = Elapsed time spent in this place.
 B = Non-inter-level travel time spent in this place.
 C = Inter-level travel time spent in this place.
 D = Time resting spent in this place.
 E = Time spent auto-exploring this place.
 F = Levels seen in this place.
 G = Mean time per level.
                   A        B        C        D        E       F      G
               +--------+--------+--------+--------+--------+-----+--------+
         Total |   2202 |   2111 |     91 |      0 |   1782 |   4 |  550.5 |
       Dungeon |   2202 |   2111 |     91 |      0 |   1782 |   4 |  550.5 |
               +--------+--------+--------+--------+--------+-----+--------+

Top non-repeatable levels by time:
     D:1: 920 daAuts
     D:3: 717 daAuts
     D:2: 526 daAuts
     D:4: 38 daAuts
